 Dungeon Crawl Stone Soup version 0.30.1-4-g462c640d31 (webtiles) character file.

Game seed: 15842841756871343219

5431870 Zeus21348 the Sorcerer (level 27, 184/184 HPs)
             Began as a Gargoyle Earth Elementalist on Sept 13, 2023.
             Was the Champion of Vehumet.
             Escaped with the Orb
             ... and 10 runes on Sept 15, 2023!
             The game lasted 05:15:32 (147180 turns).

Zeus21348 the Sorcerer (GrEE)                     Turns: 147180, Time: 05:15:32

Health: 184/184    AC: 58    Str: 18    XL:     27
Magic:  20/68      EV: 14    Int: 40    God:    Vehumet [******]
Gold:   6075       SH: 13    Dex: 12    Spells: 13/72 levels left

rFire   + + +        p - staff of earth "Ucec" {rC+ Int+3}
rCold   + + +        d - +1 kite shield {reflect}
rNeg    + + +        O - +10 pearl dragon scales
rPois   ∞            A - +2 hat "Ucok" {rN+ rCorr Int+3}
rElec   +            a - +1 cloak "Boutwyj" {rC++ Will+ Int+4}
rCorr   +            U - +1 pair of gloves of Anarchy {rN+ Will+ SInv}
SInv    +            P - +2 pair of boots of Hamit {Harm MP+9}
Will    +++++        i - amulet of Insomnia {rF+++ rC+ Will++ Regen+}
Stlth   ++           F - ring of wizardry
HPRegen 1.30/turn    W - ring "Feuhin" {rC+ rN+ MP+9 Str+2 Int+6}
MPRegen 0.41/turn

%: harm (+30% outgoing, +20% incoming), reflection, wizardry (x1)
@: flying
A: sickness immunity, AC +20, big wings, negative energy resistance 1,
electricity resistance, torment resistance 1, petrification resistance, passive
freeze
0: Orb of Zot
}: 10/15 runes: decaying, serpentine, slimy, silver, abyssal, demonic, glowing,
magical, fiery, dark
a: Renounce Religion


You escaped.
You worshipped Vehumet.
Vehumet was exalted by your worship.
You visited 13 branches of the dungeon, and saw 57 of its levels.
You visited Pandemonium 1 time, and saw 18 of its levels.
You visited the Abyss 1 time.
You also visited: Sewer, Ice Cave and Wizlab.

You collected 11248 gold pieces.
You spent 5173 gold pieces at shops.

Inventory:

Hand Weapons
 x - the +11 triple sword of Yqiycu {flame, Str+3}
   (You acquired it on level 7 of the Dungeon)

   Str:       It affects your strength (+3).
Armour
 a - the +1 cloak "Boutwyj" (worn) {rC++ Will+ Int+4}
   (You found it on level 3 of the Dungeon)

   Int:       It affects your intelligence (+4).
   rC:        It greatly protects you from cold.
   Will:      It increases your willpower.
 d - a +1 kite shield of reflection (worn)
 m - the scarf of Anaesthesia {harm, Str+3}
   (You acquired it on level 5 of the Realm of Zot)

   Str:       It affects your strength (+3).
 A - the +2 hat "Ucok" (worn) {rN+ rCorr Int+3}
   (You found it on level 2 of the Vaults)

   Int:       It affects your intelligence (+3).
   rN:        It protects you from negative energy.
   rCorr:     It protects you from acid and corrosion.
 O - +10 pearl dragon scales (worn)
 P - the +2 pair of boots of Hamit (worn) {Harm MP+9}
   (You bought it in a shop on level 2 of the Orcish Mines)

   MP:        It affects your magic capacity (+9).
   Harm:      It increases damage dealt and taken.
 U - the +1 pair of gloves of Anarchy (worn) {rN+ Will+ SInv}
   (You found it on level 2 of the Snake Pit)

   rN:        It protects you from negative energy.
   SInv:      It lets you see invisible.
   Will:      It increases your willpower.
Magical Staves
 p - the staff of earth "Ucec" (weapon) {rC+ Int+3}
   (You found it on level 5 of the Pits of Slime)

   [staff of earth]

   Base accuracy: +5 Base damage: 5 Base attack delay: 1.2 This weapon's minimum
   attack delay (0.6) is reached at skill level 12.
   Int:       It affects your intelligence (+3).
   rC:        It protects you from cold.
   It falls into the 'Staves' category.
   It is a one-handed weapon.
Jewellery
 i - the amulet of Insomnia (around neck) {rF+++ rC+ Will++ Regen+}
   (You found it on level 2 of the Dungeon)

   [amulet of regeneration]

   rF:        It renders you almost immune to fire.
   rC:        It protects you from cold.
   Regen:     It increases your rate of health regeneration.
   Will:      It greatly increases your willpower.
 y - a ring of ice
 B - the amulet of Focraaw {RegenMP rF- Regen+ rCorr Stlth+}
   (You found it in an ice cave)

   [amulet of magic regeneration]

   It increases your rate of magic regeneration.
   rF:        It makes you vulnerable to fire.
   Regen:     It increases your rate of health regeneration.
   rCorr:     It protects you from acid and corrosion.
   Stlth:     It makes you more stealthy.
 F - a ring of wizardry (left hand)
 K - an amulet of reflection
 W - the ring "Feuhin" (right hand) {rC+ rN+ MP+9 Str+2 Int+6}
   (You found it in an ice cave)

   [ring of intelligence]

   Str:       It affects your strength (+2).
   Int:       It affects your intelligence (+6).
   rC:        It protects you from cold.
   rN:        It protects you from negative energy.
   MP:        It affects your magic capacity (+9).
Wands
 e - a wand of roots (71)
 l - a wand of flame (20)
 D - a wand of light (44)
 I - a wand of digging (33)
 N - a wand of paralysis (84)
 R - a wand of polymorph (37)
 Z - a wand of mindburst (43)
Scrolls
 j - 5 scrolls of brand weapon
 k - 14 scrolls of enchant weapon
 n - 8 scrolls of teleportation
 o - a scroll of enchant armour
 s - 15 scrolls of blinking
 z - 6 scrolls of fog
 E - 18 scrolls of amnesia
 G - 6 scrolls of noise
 H - 13 scrolls of poison
 J - 6 scrolls of silence
 M - 6 scrolls of fear
 Q - 4 scrolls of butterflies
Potions
 b - 8 potions of magic
 c - 13 potions of might
 f - 36 potions of curing
 g - 7 potions of berserk rage
 h - 6 potions of invisibility
 q - 11 potions of heal wounds
 r - 7 potions of lignification
 t - 16 potions of mutation
 u - 7 potions of haste
 v - 8 potions of ambrosia
 w - 8 potions of resistance
 C - 3 potions of brilliance
 L - 12 potions of attraction
 S - 2 potions of cancellation


   Skills:
 - Level 22.0 Fighting
 - Level 0.5 Axes
 - Level 13.8 Staves
 - Level 0.4 Ranged Weapons
 - Level 0.8 Throwing
 - Level 14.7 Armour
 * Level 14.3 Dodging
 * Level 14.5 Stealth
 - Level 12.8 Shields
 + Level 23.0 Spellcasting
 + Level 21.9 Conjurations
 - Level 0.2 Hexes
 - Level 15.5 Summonings
 - Level 0.1 Necromancy
 - Level 5.4 Transmutations
 - Level 0.2 Fire Magic
 - Level 20.3 Ice Magic
 - Level 0.1 Air Magic
 - Level 22.7 Earth Magic
 - Level 0.1 Poison Magic
 - Level 0.7 Invocations


You had 13 spell levels left.
You knew the following spells:

 Your Spells              Type           Power      Damage    Failure   Level
a - Sandblast             Erth           100%       2d20      0%          1
b - Shatter               Erth           74%        3d54*     2%          9
d - Irradiate             Conj/Tmut      51%        3d28      1%          5
e - Blink                 Tloc           92%        N/A       1%          2
f - Ozocubu's Refrigerat  Ice            59%        4d20      1%          7
g - Lehudib's Crystal Sp  Conj/Erth      73%        10d17     1%          8
h - Iron Shot             Conj/Erth      73%        9d13      1%          6
i - Polar Vortex          Ice            59%        N/A       7%          9
j - Borgnjor's Vile Clut  Necr/Erth      58%        N/A       1%          5
k - Spellforged Servitor  Conj/Summ      57%        N/A       1%          7

Your spell library contained the following spells:

 Spells                   Type           Power      Damage    Failure   Level
 Foxfire                  Conj/Fire      100%       2x1d9     0%          1
 Freeze                   Ice            100%       1d10      0%          1
 Magic Dart               Conj           100%       1d8       0%          1
 Summon Small Mammal      Summ           100%       N/A       0%          1
 Call Imp                 Summ           100%       N/A       0%          2
 Passwall                 Tmut/Erth      100%       N/A       0%          2
 Call Canine Familiar     Summ           100%       N/A       0%          3
 Frozen Ramparts          Ice            100%       1d16      0%          3
 Hailstorm                Conj/Ice       100%       3d20      0%          3
 Ozocubu's Armour         Ice            100%       N/A       0%          3
 Stone Arrow              Conj/Erth      100%       3d13      0%          3
 Animate Armour           Summ/Erth      100%       N/A       0%          4
 Summon Ice Beast         Ice/Summ       100%       N/A       0%          4
 Iskenderun's Battlesphe  Conj           100%       2d15      0%          5
 Lee's Rapid Deconstruct  Erth           74%        3d33*     0%          5
 Apportation              Tloc           92%        N/A       1%          1
 Beastly Appendage        Tmut           100%       N/A       1%          1
 Kiss of Death            Conj/Necr      100%       2d13      1%          1
 Necrotise                Necr           100%       1d9       1%          1
 Slow                     Hex            100%       N/A       1%          1
 Lesser Beckoning         Tloc           92%        N/A       1%          2
 Momentum Strike          Conj/Tloc      100%       3d10      1%          2
 Scorch                   Fire           96%        2d9       1%          2
 Static Discharge         Conj/Air       100%       2-7/arc   1%          2
 Wereblood                Tmut           74%        N/A       1%          2
 Dazzling Flash           Conj/Hex       100%       N/A       1%          3
 Ignite Poison            Fire/Tmut/Pois 57%        N/A       1%          3
 Inner Flame              Hex/Fire       48%        N/A       1%          3
 Mephitic Cloud           Conj/Pois/Air  81%        N/A       1%          3
 Spider Form              Tmut/Pois      62%        N/A       1%          3
 Summon Guardian Golem    Hex/Summ       83%        N/A       1%          3
 Volatile Blastmotes      Fire/Tloc      94%        2d17      1%          3
 Flame Wave               Conj/Fire      94%        2d20      1%          4
 Ice Form                 Ice/Tmut       99%        N/A       1%          4
 Leda's Liquefaction      Hex/Erth       59%        N/A       1%          4
 Petrify                  Tmut/Erth      100%       N/A       1%          4
 Sticky Flame             Conj/Fire      94%        2d10      1%          4
 Summon Lightning Spire   Summ/Air       83%        N/A       1%          4
 Arcjolt                  Conj/Air       47%        1d57      1%          5
 Fireball                 Conj/Fire      47%        3d19      1%          5
 Metabolic Englaciation   Hex/Ice        45%        N/A       1%          5
 Summon Forest            Summ/Tloc      41%        N/A       1%          5
 Summon Mana Viper        Hex/Summ       83%        N/A       1%          5
 Conjure Ball Lightning   Conj/Air       47%        3x3d16    1%          6
 Starburst                Conj/Fire      47%        6d13      1%          6
 Summon Cactus Giant      Summ           53%        N/A       1%          6
 Orb of Destruction       Conj           61%        9d15      1%          7
 Summon Hydra             Summ           53%        N/A       1%          7
 Confusing Touch          Hex            48%        N/A       2%          3
 Gell's Gravitas          Tloc           46%        N/A       2%          3
 Portal Projectile        Hex/Tloc       94%        N/A       2%          3
 Teleport Other           Tloc           46%        N/A       2%          3
 Vampiric Draining        Necr           47%        2d9       2%          3
 Vhi's Electric Charge    Tloc/Air       92%        N/A       2%          3
 Airstrike                Air            23%        2d(4-20)  2%          4
 Blade Hands              Tmut           37%        N/A       2%          5
 Yara's Violent Unravell  Hex/Tmut       31%        3d13      2%          5
 Simulacrum               Ice/Necr       45%        N/A       2%          6
 Anguish                  Hex/Necr       23%        N/A       9%          4
 Animate Dead             Necr           47%        N/A       9%          4
 Cause Fear               Hex            24%        N/A       9%          4
 Dispel Undead            Necr           47%        3d18      9%          4
 Manifold Assault         Tloc           46%        N/A       9%          4
 Eringya's Noxious Bog    Tmut/Pois      31%        N/A       12%         6
 Silence                  Hex/Air        23%        N/A       22%         5
 Agony                    Necr           47%        N/A       24%         5
 Plasma Beam              Fire/Air       23%        2x1d39    30%         6
 Death Channel            Necr           23%        N/A       75%         6
 Dispersal                Tloc           23%        N/A       77%         6
 Fire Storm               Conj/Fire      47%        8d12      86%         9
 Chain Lightning          Conj/Air       47%        3d62      87%         9
 Storm Form               Tmut/Air       31%        N/A       91%         7
 Enfeeble                 Hex            24%        N/A       99%         7
 Discord                  Hex            24%        N/A       100%        8
 Disjunction              Tloc           23%        N/A       100%        8
 Ignition                 Fire           24%        3d8       100%        8
 Maxwell's Capacitive Co  Air            23%        ∞         100%        8
 Cigotuvi's Dreadful Rot  Necr/Pois/Air  Unusable   N/A       N/A         2
 Sublimation of Blood     Necr           Unusable   N/A       N/A         2
 Statue Form              Tmut/Erth      Unusable   N/A       N/A         6

Dungeon Overview and Level Annotations

Branches:
Dungeon (15/15)            Temple (1/1) D:7            Lair (5/5) D:11
  Swamp (4/4) Lair:2        Snake (4/4) Lair:3        Slime (5/5) Lair:5
    Orc (2/2) D:9             Elf (3/3) Orc:2        Vaults (5/5) D:14
  Crypt (3/3) Vaults:2       Tomb (0/3) Crypt:3      Depths (4/4) D:15
   Hell (visited)             Dis (0/7) Hell            Geh (0/7) Hell
    Coc (0/7) Hell            Tar (0/7) Hell            Zot (5/5) Depths:4
  Sewer (visited)           IceCv (visited)          WizLab (visited)

Altars:
Ashenzari
Cheibriados
Dithmenos
Elyvilon
Fedhas
Gozag
Hepliaklqana
Kikubaaqudgha
Makhleb
Nemelex Xobeh
Okawaru
Qazlal
Ru
Sif Muna
Trog
Uskayaw
Vehumet
Wu Jian
Xom
Yredelemnul
Zin
The Shining One
Jiyva

Shops:
D:1 (   D:2 :   D:5 ?   Orc:2 ?:[?   Elf:1 :=:   Snake:4 [   Vaults:1 *
Vaults:3 (   Vaults:4 =   Vaults:5 (

Portals:
Hell: Depths:1 Depths:2 Depths:3 Depths:4
Abyss: Depths:1 Depths:2 Depths:3 Depths:4
Pandemonium: Orc:2 Depths:2
Ziggurat: Depths:4
Trove: Elf:3 (give +5 ice dragon scales)

Annotations:
Snake:3 2 transporters
Vaults:3 2 transporters


Innate Abilities, Weirdness & Mutations

You are immune to sickness and miasma.
Your stone body is resilient. (AC +20)
You are immune to poison.
Your large and strong wings let you fly.
You resist negative energy. (rN+)
You are resistant to electric shocks. (rElec)
You are resistant to unholy torment.
You are immune to petrification.
A frigid envelope surrounds you and freezes all who hurt you.


Message History

A demonic crawler comes into view.
There is a stone staircase leading up here.
You fly upwards.
There is a stone staircase leading down here.
Aiming: Dig
Press: ? - help, Shift-Dir - straight line A rock wall.
This square is covered in magical glow.
The rock shatters into small pieces.
There is a stone staircase leading up here.
You fly upwards.
There is a stone staircase leading down here.
You see here a minotaur skeleton.
You see here a naga skeleton.
You see here a felid skeleton.
You see here a tengu skeleton.
There is an open door here.
There is a staircase leading out of the dungeon here.
You feel a surge of power!
The dungeon rumbles!
A door shatters!
Ka-crash!
You feel a surge of power!
The dungeon rumbles!
Ka-crash!
You feel a surge of power!
The dungeon rumbles!
Ka-crash!
You feel a surge of power!
The dungeon rumbles!
Ka-crash!
You feel a surge of power!
The dungeon rumbles!
Ka-crash!
You feel a surge of power!
The dungeon rumbles!
Ka-crash!
You feel a surge of power!
The dungeon rumbles!
Ka-crash!
You don't have enough magic to cast this spell.
You start resting.
A cacodemon, an orange demon and 2 sixfirhies come into view.
There are monsters nearby!
The orange demon screeches!
You have escaped!

### ### ###
##....3# #.#
#.#.#.##..3# ..##
#.##.##.2..#
...####...#.#....#
##...##....4.#...#
#.#..÷.÷......#..#
..#..............#
.....÷...÷......@#
#.#.#..#..÷......#
#.#.....#....÷...#
#####.#..#.......#
...####..........#
##.## #..........#
##..####..###....#
###....#...##....#
# ####...###


You could see a cacodemon, an orange demon and 2 sixfirhies.

Vanquished Creatures
  Cerebov (Pan)
  the Royal Jelly (Slime:5)
  Gloorx Vloq (Pan)
  Mnoleg (Pan)
  Lom Lobon (Pan)
  4 dread liches
  14 orbs of fire
  Mara (Swamp:3)
  5 ancient liches
  2 juggernauts (Depths:2)
  The ghost of Rino the Conqueror, a legendary DsGl of Qazlal (Zot:5)
  Josephina (Zot:1)
  Boris (twice) (Crypt:1 Zot:3)
  Parghit (Depths:3)
  Frederick (Depths:4)
  The ghost of howech the Severer, a veteran MiGl of the Shining One (Vaults:2)
  5 Killer Klowns
  Bai Suzhen (Vaults:2)
  Xtahua (Crypt:1)
  4 curse toes
  Vashnia (Snake:2)
  The ghost of Liosm the Eclecticist, a veteran NaIE of Cheibriados (Vaults:3)
  The ghost of TuffENuff the End of an Era, a veteran FoFi of Qazlal (Vaults:3)
  Geryon (Hell)
  The ghost of Launloge the Wrestler, an adept TrCK of Xom (Depths:1)
  A caustic shrike (Depths:3)
  16 golden dragons
  A profane servitor (D:6)
  The ghost of TPoD the Slayer, an adept HOMo of Beogh (Vaults:2)
  A bone dragon (Crypt:3)
  6 electric golems
  5 Brimstone Fiends (Pan)
  20 tentacled monstrosities
  Jorgrun (Orc:2)
  3 Tzitzimimeh
  A Cloud Mage (WizLab)
  Zenata (Vaults:1)
  3 Hell Sentinels
  10 quicksilver dragons
  Asterion (Snake:4)
  27 Orb Guardians
  3 Ice Fiends (Pan)
  2 deep elf master archers (Elf:3)
  Mlioglotl (Swamp:4)
  5 titans
  8 liches
  The ghost of Efeneufi the Spry, an adept MfBr of Cheibriados (Snake:1)
  5 deep elf blademasters
  A walking frostbound tome (Depths:2)
  6 death cobs
  24 Executioners (Pan)
  6 thorn hunters
  6 sphinxes
  A tentacled starspawn (Abyss:3)
  Kirke (Lair:3)
  4 ancient champions
  11 shadow dragons
  Gastronok (Lair:3)
  18 acid blobs
  Agnes (D:14)
  6 draconian monks
  Donald (Swamp:4)
  7 demonspawn warmongers (Pan)
  22 storm dragons
  6 rockslimes
  4 tengu reavers
  4 fenstrider witches (Swamp:4)
  9 revenants
  13 azure jellies
  9 frost giants
  7 nagarajas
  A ghost moth (Zot:3)
  18 vault wardens
  5 draconian scorchers
  8 draconian knights
  3 iron dragons
  21 balrugs
  8 deep elf sorcerers
  6 fire giants
  4 caustic shrike zombies
  6 deep elf elementalists
  4 draconian annihilators
  5 draconian shifters
  Aizul (Snake:2)
  5 demonspawn corrupters (Pan)
  19 ironbound preservers
  2 juggernaut zombies
  2 caustic shrike skeletons
  12 cacodemons
  34 very ugly things
  An orc warlord (Vaults:3)
  16 ghouls
  3 curse skulls
  A rockslime zombie (Crypt:2)
  3 spriggan defenders
  16 quicksilver oozes
  7 demonspawn blood saints (Pan)
  7 reapers
  16 stone giants
  A juggernaut skeleton (Crypt:1)
  4 war gargoyles
  12 dire elephants
  10 vampire knights
  3 eleionomae
  5 red draconians
  8 deep elf demonologists
  8 ironbound thunderhulks
  8 black draconians
  5 green draconians
  4 demonspawn black suns (Pan)
  16 white draconians
  6 bunyips
  4 eidola
  A minotaur (D:1)
  9 lorocyprocas (Pan)
  6 spark wasps
  2 pale draconians (Depths:4)
  10 purple draconians
  6 yellow draconians
  19 deep elf annihilators
  17 blizzard demons
  4 entropy weavers
  4 iron golems (Hell)
  21 ettins
  7 deep elf death magi
  11 fire dragons
  10 green deaths (Pan)
  7 jiangshi
  The ghost of jaiteiro the Geomancer, a journeyman FoEE of Jiyva (D:10)
  5 deep elf high priests
  A merfolk javelineer (Depths:2)
  12 ice dragons
  5 great orbs of eyes
  19 yaktaur captains
  6 hydras
  2 shambling mangroves
  7 rakshasas
  4 mummy priests
  6 hell beasts
  32 vault guards
  5 spriggan zombies
  14 ironbound frosthearts
  A quicksilver dragon skeleton (Crypt:3)
  3 ogre magi
  7 ghost crabs
  4 salamander tyrants (Snake:4)
  16 anacondas
  2 peacekeepers (Vaults:1)
  3 demonspawn
  A bennu zombie (Crypt:1)
  2 death knights
  13 spriggan air magi
  5 boulder beetles
  2 fenstrider witch skeletons
  The ghost of Eitelfritz the Cleaver, a novice HOFi of the Shining One (D:9)
  5 spriggan skeletons
  5 two-headed ogres
  3 death yaks
  11 centaur warriors
  A tengu warrior (Depths:3)
  31 dancing weapons
  9 deep troll shamans
  8 alligators
  4 vampire magi
  2 satyrs (Abyss:3)
  15 naga warriors
  8 hell hogs
  10 deep troll earth magi
  32 soul eaters
  6 orc high priests
  3 spriggan berserkers
  15 shock serpents
  15 deep elf knights
  9 naga sharpshooters
  Nergalle (D:12)
  62 sun demons
  A storm dragon zombie (Crypt:1)
  An emperor scorpion zombie (Crypt:1)
  A titan skeleton (Depths:1)
  12 hell knights
  21 skeletal warriors
  Amaemon (Lair:3)
  8 iron trolls
  7 shadow wraiths
  A skyshark (Lair:5)
  A death drake (WizLab)
  18 sixfirhies
  A swamp dragon (shapeshifter) (Depths:2)
  5 salamander mystics
  60 deep trolls
  5 goliath frogs
  4 glowing orange brains
  6 flayed ghosts
  5 spriggan druids (Swamp:4)
  5 spriggan simulacra
  6 naga ritualists
  4 swamp dragons
  8 bog bodies
  11 ironbound convokers
  2 golden dragon zombies
  16 wizards
  A tengu zombie (Depths:3)
  3 orange crystal statues
  4 shadow demons
  10 phantasmal warriors
  26 deep elf zephyrmancers
  12 necromancers
  6 harpies
  A golden dragon skeleton (Crypt:1)
  37 deep elf pyromancers
  A bunyip skeleton (Crypt:3)
  A sphinx zombie (Hell)
  An anaconda skeleton (Pan)
  A lindwurm (shapeshifter) (Depths:3)
  6 orc knights
  7 deep elf archers
  A wolf spider (Vaults:5)
  7 lindwurms
  7 mana vipers
  7 orc sorcerers
  3 frost giant zombies
  38 ugly things
  5 shining eyes
  An iron dragon zombie (Crypt:3)
  An oklob plant (D:11)
  2 fire giant zombies (Hell)
  A stone giant zombie (Hell)
  A sphinx skeleton (Depths:1)
  19 salamanders
  A manticore (shapeshifter) (Vaults:2)
  35 large abominations
  4 cyclopes
  3 manticores
  22 moths of wrath
  5 worldbinders (Abyss:3)
  A draconian (D:1)
  2 apocalypse crabs (WizLab)
  5 will-o-the-wisps
  2 octopodes (D:1)
  31 black mambas
  A centaur zombie (Crypt:3)
  14 elephants
  18 naga magi
  2 rust devils (Hell)
  15 vault sentinels
  A stone giant skeleton (Depths:1)
  79 slime creatures
  A black mamba (shapeshifter) (Elf:2)
  3 eyes of devastation
  A shock serpent zombie (Crypt:3)
  2 demonic crawlers
  A torpor snail (Lair:1)
  2 water nymphs (Abyss:3)
  An alligator snapping turtle zombie (Crypt:3)
  9 guardian serpents
  3 gargoyles
  16 cane toads
  26 orange demons
  4 molten gargoyles (Hell)
  Maurice (D:13)
  An armataur (D:1)
  54 smoke demons
  A dire elephant skeleton (Pan)
  A vine stalker (D:1)
  A kobold demonologist (D:9)
  10 komodo dragons
  6 storm dragon simulacra (IceCv)
  3 hellions
  A sea snake zombie (Hell)
  A centaur skeleton (Crypt:1)
  3 rime drakes
  A rime drake (shapeshifter) (Elf:3)
  4 unseen horrors
  An anaconda simulacrum (Swamp:2)
  6 efreet
  2 freezing wraiths (Crypt:2)
  39 yaktaurs
  10 ice devils
  3 tormentors (Pan)
  8 tengu conjurers
  7 golden dragon simulacra
  A yellow draconian skeleton (Crypt:2)
  A black draconian skeleton (Crypt:3)
  3 guardian mummies (Crypt:3)
  2 harpy zombies
  2 sea snake skeletons (Hell)
  2 bloated husks
  4 red devils
  A merfolk (D:1)
  6 polar bears (Lair:5)
  13 hornets
  15 wind drakes
  3 trolls
  A sphinx simulacrum (Vaults:3)
  3 meliai (D:12)
  A merfolk (shapeshifter) (Vaults:5)
  37 hellwings
  4 hydra zombies
  A polar bear (shapeshifter) (Vaults:5)
  5 harpy skeletons
  9 tyrant leeches
  2 tarantellas
  A hydra skeleton (Hell)
  10 blink frogs
  A draconian simulacrum (Zot:1)
  14 air elementals
  2 alligator skeletons (Crypt:2)
  Sigmund (D:2)
  2 flying skulls (Crypt:3)
  4 shadows
  A vampire (D:1)
  17 water elementals
  A formicid (D:1)
  3 centaur simulacra
  An ettin skeleton (Pan)
  20 spriggans
  A culicivora (Vaults:3)
  10 ynoxinuls
  6 wraiths
  4 wyverns
  56 yaks
  A hog (shapeshifter) (Elf:2)
  19 neqoxecs
  A sea snake simulacrum (Hell)
  4 fire elementals
  11 humans
  9 golden eyes
  3 basilisks
  19 chaos spawn
  6 hogs
  4 redbacks
  5 steam dragons
  20 vampire mosquitoes
  A yellow draconian simulacrum (Zot:1)
  A warg (Orc:1)
  Menkaure (D:4)
  A two-headed ogre zombie (Crypt:1)
  Edmund (D:6)
  2 harpy simulacra
  A demigod (D:1)
  2 small abominations (Abyss:2)
  A merfolk zombie (Crypt:1)
  2 glowing shapeshifter zombies
  33 nagas
  A meteoran (D:1)
  A hydra simulacrum (Hell)
  15 swamp worms
  6 acid dragons
  A water nymph skeleton (Crypt:2)
  3 hell hounds (Hell)
  2 moth of wrath simulacra (Zot:1)
  2 floating eyes
  15 water moccasins
  A deep troll skeleton (Crypt:2)
  A faun skeleton (Crypt:2)
  31 orc warriors
  5 ice beasts
  A swamp dragon zombie (Crypt:3)
  2 black bears (Lair:5)
  4 swamp drakes (Swamp:3)
  An alligator simulacrum (Swamp:2)
  8 ogres
  3 ice dragon simulacra (IceCv)
  4 boggarts (Lair:5)
  A tengu (D:1)
  36 wolves
  A phantom (D:6)
  2 centaurs
  A felid (D:1)
  4 kobold brigands
  11 bullfrogs
  5 scorpions
  7 earth elementals
  4 necrophages
  2 deep troll simulacra (Swamp:2)
  8 wights
  A warg skeleton (Crypt:3)
  25 killer bees
  6 lindwurm simulacra (IceCv)
  4 electric eels
  A howler monkey (shapeshifter) (Vaults:5)
  7 howler monkeys
  A wolf skeleton (Crypt:1)
  A gnoll bouda (D:5)
  2 hounds
  8 jellies
  26 orc priests
  3 iguanas
  22 orc wizards
  7 hell rats (Hell)
  2 naga skeletons
  7 mummies
  5 gnolls (D:5)
  8 adders
  A river rat (D:3)
  2 white imps
  3 ufetubi
  An adder zombie (Crypt:2)
  A lava snake skeleton (Crypt:3)
  3 worms
  3 dart slugs
  65 orcs
  12 bats
  8 endoplasms
  8 giant cockroaches
  8 hobgoblins
  2 jackals (D:3)
  18 kobolds
  6 quokkas
  A training dummy (D:4)
  7 ball pythons
  5 frilled lizards
  7 goblins
  A hobgoblin zombie (Crypt:1)
  An orc zombie (Crypt:3)
  A quokka skeleton (Crypt:1)
  9 rats
  A ball lightning (Pan)
  3 fire vortices (Pan)
3056 creatures vanquished.

Vanquished Creatures (collateral kills)
  A quicksilver dragon (Zot:2)
1 creature vanquished.

Vanquished Creatures (others)
  A draconian knight (Zot:3)
  A wizard (Pan)
  An orange demon (Swamp:4)
  A wind drake (Pan)
  A ynoxinul (Pan)
  A slime creature (Vaults:3)
  A human (D:14)
  A redback (Vaults:1)
  A small abomination (Abyss:2)
  5 ball lightnings (Pan)
  A fire vortex (Pan)
  14 foxfires
29 creatures vanquished.

Grand Total: 3086 creatures vanquished

Notes
Turn   | Place    | Note
-------+----------+-------------------------------------------
     0 | D:1      | Zeus21348 the Gargoyle Earth Elementalist began the quest
                  | for the Orb.
     0 | D:1      | Reached XP level 1. HP: 10/10 MP: 3/3
     2 | D:1      | Noticed a troll
     2 | D:1      | Noticed an armataur
     4 | D:1      | Noticed a vampire
     6 | D:1      | Noticed a draconian
     6 | D:1      | Noticed a tengu
     8 | D:1      | Noticed a demonspawn
     8 | D:1      | Noticed an octopode
    10 | D:1      | Noticed a demigod
    12 | D:1      | Noticed a felid
    12 | D:1      | Noticed a formicid
    14 | D:1      | Noticed a merfolk
    14 | D:1      | Noticed a human
    16 | D:1      | Noticed a vine stalker
    18 | D:1      | Noticed a ghoul
    18 | D:1      | Noticed a meteoran
    20 | D:1      | Noticed a spriggan
    20 | D:1      | Noticed an ogre
    22 | D:1      | Noticed a minotaur
    22 | D:1      | Noticed a naga
    24 | D:1      | Noticed a gargoyle
    24 | D:1      | Noticed a naga
    26 | D:1      | Noticed a human
    26 | D:1      | Noticed an octopode
   135 | D:1      | Reached XP level 2. HP: 15/15 MP: 1/5
   497 | D:1      | Reached XP level 3. HP: 19/19 MP: 3/6
   501 | D:1      | Learned a level 3 spell: Stone Arrow
   553 | D:1      | Found Moduw's Weapon Shop.
   555 | D:1      | Reached skill level 5 in Earth Magic
   891 | D:2      | Noticed Sigmund
   991 | D:2      | Killed Sigmund
   992 | D:2      | Reached XP level 4. HP: 21/24 MP: 3/7
   992 | D:2      | Reached XP level 5. HP: 25/28 MP: 3/8
  1142 | D:2      | Identified the amulet of Insomnia {rF+++ rC+ Will++ Regen+}
  1302 | D:2      | Found Pafatyor's Vocational Training.
  1364 | D:2      | Reached XP level 6. HP: 32/32 MP: 7/9
  2156 | D:3      | Found a hide-covered altar of Uskayaw.
  2333 | D:3      | Found a glowing drain.
  2346 | Sewer    | Entered a sewer
  2527 | Sewer    | Reached skill level 3 in Spellcasting
  2854 | Sewer    | Reached XP level 7. HP: 36/36 MP: 7/12
  2859 | Sewer    | Reached skill level 4 in Spellcasting
  3190 | D:3      | Identified the +1 cloak "Boutwyj" {rC++ Will+ Int+4}
  3212 | D:3      | Found a hazy altar of Hepliaklqana.
  3212 | D:3      | Found a glowing golden altar of the Shining One.
  3673 | D:4      | Noticed Menkaure
  3676 | D:4      | Killed Menkaure
  3995 | D:4      | Reached skill level 5 in Spellcasting
  4389 | D:4      | Reached XP level 8. HP: 41/41 MP: 13/16
  4599 | D:5      | Entered Level 5 of the Dungeon
  4893 | D:5      | Reached skill level 6 in Spellcasting
  5309 | D:5      | Found a snail-covered altar of Cheibriados.
  5696 | D:5      | Found a white marble altar of Elyvilon.
  5848 | D:5      | Found Eruchako's Magic Scroll Emporium.
  6350 | D:6      | Reached skill level 7 in Spellcasting
  6616 | D:6      | Reached skill level 5 in Conjurations
  6698 | D:6      | Reached skill level 8 in Spellcasting
  6722 | D:6      | Reached XP level 9. HP: 45/45 MP: 19/21
  7384 | D:6      | Noticed Edmund
  7388 | D:6      | Killed Edmund
  7500 | D:7      | Reached skill level 9 in Spellcasting
  8068 | D:7      | Found a staircase to the Ecumenical Temple.
  8105 | Temple   | Entered the Ecumenical Temple
  8192 | Temple   | Became a worshipper of Vehumet
  8309 | D:7      | Identified 2 scrolls of acquirement
  8309 | D:7      | Acquired the +11 triple sword of Yqiycu {flame, Str+3}
  8311 | D:7      | Acquired a book of the Earth
  8630 | D:8      | Found a shimmering altar of Xom.
  8651 | D:8      | Reached skill level 10 in Spellcasting
  9186 | D:8      | Found a burning altar of Makhleb.
  9306 | D:9      | Reached XP level 10. HP: 50/50 MP: 19/24
  9359 | D:9      | Found a staircase to the Orcish Mines.
  9398 | D:9      | Reached skill level 11 in Spellcasting
  9415 | D:9      | Reached * piety under Vehumet
  9415 | D:9      | Offered knowledge of Freeze by Vehumet.
  9511 | D:9      | Found a runed translucent door.
  9511 | D:9      | Noticed Eitelfritz's ghost (novice HOFi)
  9733 | D:9      | Noticed a kobold demonologist
  9739 | D:9      | Killed a kobold demonologist
 10234 | D:10     | Entered Level 10 of the Dungeon
 10234 | D:10     | Found a runed translucent door.
 10235 | D:10     | Noticed jaiteiro's ghost (journeyman FoEE)
 10243 | D:10     | Reached skill level 1 in Fighting
 10277 | D:10     | Found a shadowy altar of Dithmenos.
 10798 | D:10     | Reached XP level 11. HP: 60/60 MP: 26/26
 10806 | D:10     | Offered knowledge of Static Discharge by Vehumet.
 11015 | D:11     | Learned a level 5 spell: Lee's Rapid Deconstruction
 11142 | D:11     | Reached ** piety under Vehumet
 11146 | D:11     | Noticed a two-headed ogre
 11146 | D:11     | Noticed a manticore
 11165 | D:11     | Killed a two-headed ogre
 11166 | D:11     | Reached skill level 10 in Earth Magic
 11168 | D:11     | Killed a manticore
 11191 | D:11     | Identified the +9 dagger "Gagg" {venom, rC- Int+4}
 11194 | D:11     | Found a staircase to the Lair.
 11212 | D:11     | Noticed an oklob plant
 11339 | D:11     | Killed an oklob plant
 11506 | D:11     | Noticed a cyclops
 11510 | D:11     | Killed a cyclops
 11719 | D:11     | Noticed a boulder beetle
 11730 | D:11     | Killed a boulder beetle
 11847 | D:11     | Noticed a two-headed ogre
 11852 | D:11     | Killed a two-headed ogre
 11853 | D:11     | Reached skill level 5 in Fighting
 12432 | Lair:1   | Entered Level 1 of the Lair of Beasts
 12697 | Lair:1   | Reached XP level 12. HP: 69/69 MP: 19/27
 13110 | Lair:1   | Offered knowledge of Hailstorm by Vehumet.
 13860 | Lair:2   | Reached *** piety under Vehumet
 13980 | Lair:2   | Found a staircase to the Swamp.
 14002 | Lair:1   | Reached skill level 15 in Earth Magic
 14671 | Lair:2   | Learned a level 5 spell: Irradiate
 14856 | Lair:3   | Offered knowledge of Mephitic Cloud by Vehumet.
 14897 | Lair:3   | Noticed a death yak
 14897 | Lair:3   | Noticed a death yak
 14897 | Lair:3   | Noticed a death yak
 14943 | Lair:3   | Killed a death yak
 15041 | Lair:3   | Noticed Amaemon
 15065 | Lair:3   | Reached skill level 12 in Spellcasting
 15069 | Lair:3   | Killed Amaemon
 15147 | Lair:3   | Reached XP level 13. HP: 78/78 MP: 26/29
 15449 | Lair:3   | Reached skill level 5 in Dodging
 15536 | Lair:3   | Noticed Kirke
 16498 | Lair:3   | Killed Kirke
 16858 | Lair:3   | Reached **** piety under Vehumet
 16931 | Lair:3   | Found a staircase to the Snake Pit.
 16987 | Lair:3   | Noticed Gastronok
 16998 | Lair:3   | Killed Gastronok
 16999 | Lair:3   | Reached skill level 13 in Spellcasting
 18145 | Lair:4   | Offered knowledge of Volatile Blastmotes by Vehumet.
 19538 | Lair:5   | Entered Level 5 of the Lair of Beasts
 20512 | Lair:5   | Reached skill level 1 in Armour
 20512 | Lair:5   | Reached skill level 14 in Spellcasting
 21397 | Lair:5   | Gained mutation: Your large and strong wings let you fly.
                  | [Gargoyle growth]
 21397 | Lair:5   | Reached XP level 14. HP: 86/86 MP: 9/32
 22396 | Lair:5   | Found a viscous altar of Jiyva.
 22396 | Lair:5   | Found a staircase to the Slime Pits.
 23685 | Lair:5   | Reached ***** piety under Vehumet
 23987 | Lair:5   | Reached skill level 10 in Fighting
 24338 | Lair:5   | Offered knowledge of Fulminant Prism by Vehumet.
 25318 | Lair:5   | Learned a level 2 spell: Blink
 25466 | D:10     | Killed jaiteiro's ghost
 25577 | D:12     | Noticed Nergalle
 25583 | D:12     | Killed Nergalle
 25933 | D:12     | Found a runed translucent door.
 25936 | D:12     | Noticed a balrug
 26224 | D:12     | You are sucked into a shaft and drop 3 floors!
 26224 | D:15     | Entered Level 15 of the Dungeon
 26346 | D:14     | Reached skill level 15 in Spellcasting
 27134 | D:14     | Reached skill level 10 in Conjurations
 27154 | D:14     | Reached skill level 5 in Armour
 27224 | D:14     | Identified the +9 plate armour of Melancholy {rF+}
 27227 | D:14     | Found a gate to the Vaults.
 27694 | D:14     | Reached XP level 15. HP: 87/92 MP: 25/34
 27758 | D:14     | Noticed Agnes
 27767 | D:14     | Killed Agnes
 28304 | D:14     | Offered knowledge of Olgreb's Toxic Radiance by Vehumet.
 28754 | D:13     | Noticed Maurice
 28756 | D:13     | Killed Maurice
 28898 | D:13     | Reached skill level 1 in Shields
 31452 | D:15     | Found a staircase to the Depths.
 32899 | Orc:1    | Entered Level 1 of the Orcish Mines
 33652 | Orc:2    | Entered Level 2 of the Orcish Mines
 33854 | Orc:2    | Offered knowledge of Ozocubu's Refrigeration by Vehumet.
 33863 | Orc:2    | Learned a level 7 spell: Ozocubu's Refrigeration
 34365 | Orc:2    | Noticed Jorgrun
 34491 | Orc:2    | Killed Jorgrun
 34492 | Orc:2    | Reached skill level 1 in Ice Magic
 36524 | Orc:2    | Found Nuneuhem's Distillery.
 36526 | Orc:2    | Found Gesoiteo's Magic Scroll Boutique.
 37551 | Orc:2    | Found a staircase to the Elven Halls.
 37556 | Orc:2    | Found Agoklod's Magic Scroll Shoppe.
 38995 | Orc:2    | Found Muuneg's Book Emporium.
 38995 | Orc:2    | Found Faof's Antique Armour Shoppe.
 38996 | Orc:2    | Found a one-way gate leading to the halls of Pandemonium.
 39000 | Orc:2    | Bought a pair of masterwork boots for 218 gold pieces
 39000 | Orc:2    | Identified the +2 pair of boots of Hamit {Harm MP+9} (You
                  | bought it in a shop on level 2 of the Orcish Mines)
 39145 | Orc:2    | Bought a scroll of acquirement for 832 gold pieces
 39145 | Orc:2    | Bought a scroll of acquirement for 832 gold pieces
 39145 | Orc:2    | Acquired the +13 crystal plate armour of the Learner {Harm
                  | Str+2 Int-2}
 39146 | Orc:2    | Acquired 875 gold pieces
 39252 | Orc:2    | Bought 2 potions of curing for 84 gold pieces
 39252 | Orc:2    | Bought a potion of curing for 42 gold pieces
 39254 | Orc:2    | Bought 3 scrolls of teleportation for 99 gold pieces
 39254 | Orc:2    | Bought a scroll of teleportation for 33 gold pieces
 39573 | Snake:1  | Entered Level 1 of the Snake Pit
 39679 | Snake:1  | Reached XP level 16. HP: 94/97 MP: 35/35
 40429 | Snake:1  | Noticed a nagaraja
 40440 | Snake:1  | Killed a nagaraja
 40950 | Snake:1  | Found a runed translucent gate.
 40950 | Snake:1  | Found a runed translucent gate.
 40950 | Snake:1  | Found a runed translucent gate.
 40950 | Snake:1  | Noticed Efeneufi's ghost (adept MfBr)
 40957 | Snake:1  | Found the necklace of Bloodlust {Fury *Rage Will++ Int-3
                  | Slay+6}
 42724 | Snake:2  | Identified the +1 pair of gloves of Anarchy {rN+ Will+
                  | SInv}
 42760 | Snake:2  | Reached skill level 1 in Staves
 42833 | Snake:2  | Noticed Vashnia
 43347 | Snake:2  | Noticed Aizul
 43357 | Snake:2  | Killed Aizul
 45725 | Snake:2  | Killed Vashnia
 45883 | Snake:3  | Reached skill level 15 in Conjurations
 46541 | Snake:3  | Found a transporter.
 46541 | Snake:3  | Found a transporter.
 46655 | Snake:3  | Got Tecuenk's Writings on Subzero Burning
 46779 | Snake:3  | Reached skill level 5 in Ice Magic
 47262 | Snake:3  | Offered knowledge of Fireball by Vehumet.
 47873 | Snake:4  | Entered Level 4 of the Snake Pit
 49650 | Snake:4  | Noticed a nagaraja
 49671 | Snake:4  | Killed a nagaraja
 49681 | Snake:4  | Reached XP level 17. HP: 102/102 MP: 6/36
 49935 | Snake:4  | Found Joentu's Armour Shoppe.
 50262 | Snake:4  | Noticed Asterion
 50772 | Snake:4  | Bought the +4 ring mail of Ymejok {Will+} for 475 gold
                  | pieces
 50803 | Snake:4  | Learned a level 8 spell: Lehudib's Crystal Spear
 51090 | Snake:4  | Killed Asterion
 53783 | Snake:4  | Got a serpentine rune of Zot
 54134 | Swamp:1  | Entered Level 1 of the Swamp
 54599 | Swamp:1  | Offered knowledge of Freezing Cloud by Vehumet.
 55398 | Swamp:2  | Reached XP level 18. HP: 108/108 MP: 31/37
 55670 | Swamp:2  | Found a frozen archway.
 55678 | IceCv    | Entered an ice cave
 56729 | IceCv    | Identified the ring "Feuhin" {rC+ rN+ MP+9 Str+2 Int+6}
 56829 | IceCv    | Identified the amulet of Focraaw {RegenMP rF- Regen+ rCorr
                  | Stlth+}
 57778 | Snake:4  | Bought +0 pearl dragon scales for 1300 gold pieces
 58009 | Swamp:3  | Offered knowledge of Iron Shot by Vehumet.
 58017 | Swamp:3  | Learned a level 6 spell: Iron Shot
 58675 | Swamp:3  | Noticed Mara
 58681 | Swamp:3  | Killed Mara
 58932 | Swamp:3  | Got the Volume of the Autopsy and Blows
 59086 | Swamp:4  | Entered Level 4 of the Swamp
 59946 | Swamp:4  | Noticed Donald
 59947 | Swamp:4  | Noticed Mlioglotl
 59949 | Swamp:4  | Killed Donald
 59952 | Swamp:4  | Killed Mlioglotl
 60891 | Swamp:4  | Offered knowledge of Starburst by Vehumet.
 60995 | Swamp:4  | Noticed a tentacled monstrosity
 61035 | Swamp:4  | Killed a tentacled monstrosity
 61459 | Swamp:4  | Reached XP level 19. HP: 112/112 MP: 38/38
 61461 | Swamp:4  | Reached skill level 10 in Armour
 61661 | Swamp:4  | Got a decaying rune of Zot
 62084 | Orc:2    | Bought a potion of brilliance for 56 gold pieces
 62121 | D:9      | Killed Eitelfritz's ghost
 63114 | Orc:2    | Bought a scroll of teleportation for 48 gold pieces
 63114 | Orc:2    | Bought a scroll of enchant armour for 120 gold pieces
 63114 | Orc:2    | Bought a scroll of teleportation for 48 gold pieces
 63261 | Vaults:1 | Entered Level 1 of the Vaults
 63278 | Vaults:1 | Noticed Zenata
 63321 | Vaults:1 | Reached skill level 5 in Shields
 63389 | Vaults:1 | Killed Zenata
 65055 | Vaults:1 | Found Avusihu's General Store.
 65109 | Vaults:1 | Bought 2 potions of magic for 256 gold pieces
 66205 | Vaults:1 | Reached skill level 10 in Ice Magic
 66989 | Vaults:2 | Found a radiant altar of Vehumet.
 66993 | Vaults:2 | Reached skill level 10 in Dodging
 67002 | Vaults:2 | Identified the +2 hat "Ucok" {rN+ rCorr Int+3}
 67015 | Vaults:2 | Identified the +0 hat "Ipituw" {Dex+3 SInv}
 67383 | Vaults:2 | Reached XP level 20. HP: 117/117 MP: 39/39
 67437 | Vaults:2 | Reached skill level 5 in Staves
 67603 | Vaults:2 | Noticed Bai Suzhen
 67611 | Vaults:2 | Killed Bai Suzhen
 67642 | Vaults:2 | Reached ****** piety under Vehumet
 67716 | Vaults:2 | Offered knowledge of Fire Storm by Vehumet.
 67716 | Vaults:2 | Offered knowledge of Shatter by Vehumet.
 67716 | Vaults:2 | Offered knowledge of Maxwell's Capacitive Coupling by
                  | Vehumet.
 67728 | Vaults:2 | Learned a level 9 spell: Shatter
 68186 | Vaults:2 | Found the +3 pair of gauntlets of War {Slay+5}
 68389 | Vaults:2 | Found a runed translucent door.
 68391 | Vaults:2 | Noticed howech's ghost (veteran MiGl)
 68432 | Vaults:2 | Found a staircase to the Crypt.
 68432 | Vaults:2 | Found a basalt altar of Yredelemnul.
 68433 | Vaults:2 | Found an ancient bone altar of Kikubaaqudgha.
 68555 | Vaults:2 | Killed howech's ghost
 69316 | Vaults:3 | Found Gaho's Antique Weapon Emporium.
 70396 | Vaults:3 | Identified the +6 long sword "Poafa" {flame, rC- rN+ Int+2
                  | Stlth+}
 70649 | Vaults:3 | Noticed TuffENuff's ghost (veteran FoFi)
 70650 | Vaults:3 | Noticed TPoD's ghost (adept HOMo)
 70650 | Vaults:3 | Noticed a dread lich
 70654 | Vaults:3 | Noticed an ancient lich
 70657 | Vaults:3 | Noticed Liosm's ghost (veteran NaIE)
 70666 | Vaults:3 | Found a transporter.
 70668 | Vaults:3 | Found a transporter.
 71772 | Vaults:4 | Identified the +6 quarterstaff "Killer Klown's Regret"
                  | {chaos, rC+ Str+7 Int+3 Dex-2 Stlth+}
 72900 | Vaults:4 | Found Felobyoc's Jewellery Boutique.
 73396 | Vaults:4 | Reached XP level 21. HP: 122/122 MP: 40/40
 73787 | Depths:1 | Entered Level 1 of the Depths
 73787 | Depths:1 | Found a runed translucent door.
 73952 | Depths:1 | Noticed Launloge's ghost (adept TrCK)
 73958 | Depths:1 | Killed Launloge's ghost
 75105 | Depths:1 | Reached skill level 10 in Shields
 76344 | Depths:1 | Found a one-way gate to the infinite horrors of the Abyss.
 76344 | Depths:1 | Found a gateway to Hell.
 76418 | Depths:2 | Identified the +0 trident "Hamym" {heavy, rF- rCorr Str+2
                  | Int+2}
 76842 | Depths:2 | Noticed a juggernaut
 76846 | Depths:2 | Killed a juggernaut
 77355 | Depths:2 | Noticed a golden dragon
 77360 | Depths:2 | Killed a golden dragon
 77446 | Depths:2 | Noticed a juggernaut
 77450 | Depths:2 | Killed a juggernaut
 77451 | Depths:2 | Reached skill level 16 in Spellcasting
 78204 | Depths:2 | Got the Lectures on the Sinister Switch
 78428 | Depths:2 | Reached XP level 22. HP: 132/132 MP: 42/42
 79594 | Depths:2 | Reached skill level 17 in Spellcasting
 79836 | Depths:3 | Noticed Parghit
 79838 | Depths:3 | Killed Parghit
 81393 | Depths:3 | You are sucked into a shaft and drop 1 floor!
 81393 | Depths:4 | Entered Level 4 of the Depths
 81415 | Depths:3 | Identified the +4 battleaxe "Ruitetao" {heavy, rPois rC+++
                  | Int-4 Stlth-}
 81571 | Depths:3 | Reached skill level 18 in Spellcasting
 81994 | Depths:3 | Noticed a caustic shrike
 81999 | Depths:3 | Killed a caustic shrike
 82360 | Depths:4 | Found a hide-covered altar of Uskayaw.
 82377 | Depths:4 | Reached skill level 5 in Stealth
 83328 | Depths:4 | Reached XP level 23. HP: 140/140 MP: 45/45
 83372 | Depths:4 | Noticed Frederick
 83375 | Depths:4 | Killed Frederick
 83717 | Depths:4 | Identified the +1 buckler of Inviolability {rPois}
 84035 | Depths:4 | Noticed a golden dragon
 84039 | Depths:4 | Killed a golden dragon
 84239 | Depths:4 | Found a gate to the Realm of Zot.
 84357 | Depths:4 | Found a one-way gateway to a ziggurat.
 84819 | Vaults:5 | Entered Level 5 of the Vaults
 84822 | Vaults:5 | Reached skill level 19 in Spellcasting
 84831 | Vaults:5 | Identified the +3 spear of Luohacat {vamp, Fly rCorr Int+4}
 85019 | Vaults:5 | Reached skill level 20 in Spellcasting
 85221 | Vaults:5 | Reached XP level 24. HP: 131/148 MP: 32/47
 85585 | Vaults:5 | Identified the +0 robe of Hepliaklqana's Whim {+Blink rF+++
                  | rC+ Will- Stlth-}
 85900 | Vaults:5 | Identified the +10 glaive "Viryrint" {antimagic, rC+++
                  | rCorr Str+2 Dex-3 SInv}
 86015 | Vaults:5 | Identified the +2 leather armour of Melaros {+Inv rN++
                  | rCorr Dex-2}
 86370 | Vaults:5 | Identified the +4 chain mail "Xaled" {Rampage}
 86409 | Vaults:5 | Identified the staff of earth "Mecuus" {Int+2}
 86570 | Vaults:5 | Found Quhasm's Weapon Shoppe.
 86581 | Vaults:5 | Got a silver rune of Zot
 87497 | Snake:1  | Reached skill level 10 in Staves
 87538 | Snake:1  | Killed Efeneufi's ghost
 88150 | Snake:3  | Identified the +6 quarterstaff "Ostriav" {heavy, rC+}
 88158 | Snake:3  | Identified the +1 hat of Hepliaklqana's Whim {rC+ rCorr
                  | Int+2}
 88563 | D:5      | Bought a scroll of fog for 48 gold pieces
 88563 | D:5      | Bought a scroll of magic mapping for 90 gold pieces
 88563 | D:5      | Bought a scroll of teleportation for 36 gold pieces
 88696 | D:1      | Reached skill level 15 in Fighting
 88736 | D:1      | Reached skill level 10 in Stealth
 89050 | Elf:1    | Entered Level 1 of the Elven Halls
 89054 | Elf:1    | Reached skill level 1 in Transmutations
 89866 | Elf:1    | Identified the +5 hand axe of Ares {flame, rElec rF- Will++
                  | rCorr}
 90102 | Elf:1    | Identified the +7 great mace of Ojufeic {freeze, rN+
                  | Stlth+}
 90553 | Elf:1    | You are sucked into a shaft and drop 1 floor!
 90776 | Elf:2    | Paralysed by an air elemental for 1 turns
 91472 | Elf:2    | Found a runed translucent gate.
 91472 | Elf:2    | Found a runed translucent gate.
 91472 | Elf:2    | Found a runed translucent gate.
 93437 | Elf:1    | Found Dowumo's Book Emporium.
 93437 | Elf:1    | Found Hoehugeq's Jewellery Shop.
 93438 | Elf:1    | Found Deubunur's Book Emporium.
 93717 | Elf:3    | Entered Level 3 of the Elven Halls
 93946 | Elf:3    | Found a magical portal.
 93951 | WizLab   | Entered The Chambers of the Cloud Mage
 93979 | WizLab   | Reached XP level 25. HP: 152/157 MP: 24/47
 94132 | WizLab   | Paralysed by an air elemental for 1 turns
 94739 | WizLab   | Paralysed by an air elemental for 1 turns
 94921 | WizLab   | Paralysed by an air elemental for 1 turns
 94965 | WizLab   | Got the Incunable of Aeromancy
 94973 | WizLab   | Identified the +6 chain mail "Yzickipp" {Str+4}
 95564 | Elf:3    | Found a portal to a secret trove of treasure.
 96746 | Elf:3    | Identified the +0 plate armour of the Ward {rCorr Str+3
                  | Int+3 Dex+3}
 96912 | Elf:3    | Identified the +0 trident "Ciemoof" {spect, Dex+6}
 96924 | Elf:3    | Identified the +1 halberd of Division {chaos, rN+ SInv}
 96926 | Elf:3    | Identified the +5 chain mail of Weightlessness {Dex+3}
 97713 | Elf:3    | Identified the +7 war axe "Icsonuc" {flame, *Slow rElec
                  | Str+5}
 97713 | Elf:3    | Identified the ring of Oholoim {Fly rF+ Str+2 Int+2}
 98144 | Elf:3    | Identified the +1 chain mail of Dienoinu {Harm rF- Stlth+}
 98270 | Elf:3    | Identified the staff of death "Finulo" {Fly rElec rN+}
 98318 | Elf:3    | Identified the staff of cold "Dusy" {rC+ Str+4}
 98993 | Crypt:1  | Entered Level 1 of the Crypt
 99738 | Crypt:1  | Noticed Xtahua
 99742 | Crypt:1  | Killed Xtahua
 99958 | Crypt:1  | Noticed Boris
 99974 | Crypt:1  | Killed Boris
102762 | Crypt:2  | Identified the staff of earth "Postraeh" {rElec rN+ Dex-5}
103919 | Crypt:3  | Entered Level 3 of the Crypt
103933 | Crypt:3  | Reached skill level 21 in Spellcasting
104598 | Crypt:3  | Reached XP level 26. HP: 166/166 MP: 48/48
105891 | Crypt:3  | Identified the ring "Puyphuytt" {*Corrode rF+ rN+ Int+3
                  | Stlth+}
106105 | Crypt:3  | Identified the ring of Royalty {*Corrode rN+ Will+ Dex+2
                  | Stlth+}
106294 | Crypt:3  | Found a staircase to the Tomb.
106707 | Crypt:3  | Got the Catalogue of the Lion
107046 | Crypt:3  | Noticed an ancient lich
107047 | Crypt:3  | Noticed a dread lich
107053 | Crypt:3  | Killed an ancient lich
107054 | Crypt:3  | Killed a dread lich
107191 | Crypt:3  | Got the Opusculum on Hypothermia
107197 | Crypt:3  | Identified the +3 great sword of Qarry {heavy, Int+4}
107203 | Crypt:3  | Identified the amulet "Hexzarua" {rF+ Regen+}
107575 | Slime:1  | Entered Level 1 of the Pits of Slime
107594 | Slime:1  | Gained mutation: Your muscles are strong. (Str +4, Int/Dex
                  | -1) [a shining eye]
107821 | Slime:3  | Gained mutation: You have large cloven feet. [a shining
                  | eye]
107824 | Slime:3  | Gained mutation: Armour fits poorly on your strangely
                  | shaped body. [a shining eye]
107963 | Slime:5  | Entered Level 5 of the Pits of Slime
108249 | Slime:5  | Noticed the Royal Jelly
108579 | Slime:5  | Reached skill level 22 in Spellcasting
109091 | Slime:5  | Gained mutation: Your spells are a little easier to cast,
                  | but a little less powerful. [a shining eye]
109092 | Slime:5  | Gained mutation: You are frail. (-10% HP) [a shining eye]
109101 | Slime:5  | Lost mutation: You have large cloven feet. [potion of
                  | mutation]
109101 | Slime:5  | Lost mutation: Your spells are a little easier to cast, but
                  | a little less powerful. [potion of mutation]
109101 | Slime:5  | Lost mutation: Your muscles are strong. (Str +4, Int/Dex
                  | -1) [potion of mutation]
109101 | Slime:5  | Gained mutation: You have hidden genetic defects. [potion
                  | of mutation]
109101 | Slime:5  | Gained mutation: You possess an exceptional clarity of
                  | mind. [potion of mutation]
109102 | Slime:5  | Lost mutation: You are frail. (-10% HP) [potion of
                  | mutation]
109102 | Slime:5  | Lost mutation: Armour fits poorly on your strangely shaped
                  | body. [potion of mutation]
109102 | Slime:5  | Lost mutation: You have hidden genetic defects. [potion of
                  | mutation]
109102 | Slime:5  | Gained mutation: You have sharp toenails. [potion of
                  | mutation]
109102 | Slime:5  | Gained mutation: You are strong-willed. (Will+) [potion of
                  | mutation]
109102 | Slime:5  | Gained mutation: You have hidden genetic potential. [potion
                  | of mutation]
109733 | Slime:5  | Found a viscous altar of Jiyva.
109759 | Slime:5  | Killed the Royal Jelly
109867 | Slime:5  | Identified the amulet of Tomorrow {Faith rC++}
109933 | Slime:5  | Identified the staff of earth "Ucec" {rC+ Int+3}
109956 | Slime:5  | Identified the staff of death "Huix" {rN+ Str+3}
109978 | Slime:5  | Identified the staff of conjuration "Geopi" {rElec rPois
                  | rC+ Int+2}
109980 | Slime:5  | Identified the staff of poison "Ynaasuse" {*Slow rElec
                  | rPois rC+ Int+2}
110001 | Slime:5  | Got a slimy rune of Zot
110009 | Slime:5  | Identified the +2 leather armour of the Spheres {Slay+2}
110600 | Lair:5   | Learned a level 9 spell: Polar Vortex
110606 | Lair:5   | Learned a level 5 spell: Borgnjor's Vile Clutch
110614 | Lair:5   | Learned a level 7 spell: Spellforged Servitor
111027 | Zot:1    | Entered Level 1 of the Realm of Zot
111233 | Zot:1    | Identified the ring "Ripud" {Ice Str+3}
111233 | Zot:1    | Noticed Josephina
111238 | Zot:1    | Killed Josephina
112589 | Zot:1    | Reached skill level 1 in Summonings
113629 | Hell     | Entered the Vestibule of Hell
113629 | Hell     | Noticed Geryon
113683 | Hell     | Reached XP level 27. HP: 167/174 MP: 49/49
113751 | Hell     | Killed Geryon
114007 | Hell     | Reached skill level 5 in Summonings
114629 | Hell     | Found a gateway to the decaying netherworld of Tartarus.
114804 | Hell     | Found a gateway to the freezing wastes of Cocytus.
115180 | Hell     | Found a gateway to the ashen valley of Gehenna.
115404 | Hell     | Found a gateway to the Iron City of Dis.
115708 | Orc:2    | Bought a scroll of magic mapping for 120 gold pieces
115733 | Orc:2    | Bought a potion of mutation for 112 gold pieces
115733 | Orc:2    | Bought a potion of mutation for 112 gold pieces
115733 | Orc:2    | Bought 2 potions of lignification for 84 gold pieces
115875 | Vaults:1 | Bought a potion of mutation for 128 gold pieces
116285 | Depths:1 | Voluntarily entered the Abyss.
116285 | Abyss:1  | Found a corrupted altar of Lugonu.
116469 | Abyss:3  | Got an abyssal rune of Zot
116485 | Abyss:3  | Found a corrupted altar of Lugonu.
116485 | Abyss:3  | Found a corrupted altar of Lugonu.
116528 | Abyss:3  | Found a bloodstained altar of Trog.
116572 | Depths:1 | Escaped the Abyss
116756 | Pan      | Entered Pandemonium
117790 | Pan      | Gained mutation: You have an increased reservoir of magic.
                  | (+10% MP) [hidden potential]
117848 | Pan      | Noticed Ythyit the pandemonium lord
117931 | Pan      | Reached skill level 15 in Ice Magic
117961 | Pan      | Reached skill level 10 in Summonings
118229 | Pan      | Got a demonic rune of Zot
118233 | Pan      | Entered the realm of Lom Lobon.
119434 | Pan      | Noticed Lom Lobon
119445 | Pan      | Killed Lom Lobon
119762 | Pan      | Got a magical rune of Zot
120010 | Pan      | Found a runed translucent door.
120832 | Pan      | Entered the realm of Cerebov.
120863 | Pan      | Found an exit through the horrors of the Abyss.
121373 | Pan      | Identified the +11 scimitar of Makhleb's Delight {elec,
                  | rN+}
121706 | Pan      | Found the +6 sword of Cerebov {flame}
121706 | Pan      | Noticed Cerebov
121891 | Pan      | Identified the +6 demon trident of Subterfuge {speed, Str-3
                  | Dex+9}
121976 | Pan      | Killed Cerebov
122362 | Pan      | Got a fiery rune of Zot
122545 | Pan      | Gained mutation: You have great hidden genetic potential.
                  | [hidden potential]
122545 | Pan      | Lost mutation: You have great hidden genetic potential.
                  | [hidden potential expressed]
122572 | Pan      | Identified the +6 shortbow "Doinn" {drain, rElec Int+4}
122959 | Pan      | Found an exit through the horrors of the Abyss.
123709 | Pan      | Found a huge runed translucent gate.
123709 | Pan      | Found a huge runed translucent gate.
123807 | Pan      | Identified the +8 great sword of the Dowdy God {speed,
                  | Dex+3}
124379 | Pan      | Entered the realm of Gloorx Vloq.
125275 | Pan      | Found an exit through the horrors of the Abyss.
125546 | Pan      | Noticed Gloorx Vloq
126056 | Pan      | Killed Gloorx Vloq
126364 | Pan      | Got a dark rune of Zot
126773 | Pan      | Entered the realm of Mnoleg.
127072 | Pan      | Gained mutation: Armour fits poorly on your strangely
                  | shaped body. [a cacodemon]
127150 | Pan      | Found an exit through the horrors of the Abyss.
127182 | Pan      | Gained mutation: You are occasionally teleported next to
                  | monsters. [a cacodemon]
127711 | Pan      | Noticed Mnoleg
127717 | Pan      | Killed Mnoleg
127728 | Pan      | Gained mutation: Your spells are a little harder to cast,
                  | but a little more powerful. [hidden potential]
128036 | Pan      | Got a glowing rune of Zot
128173 | Pan      | Noticed Veerooh the pandemonium lord
128414 | Depths:2 | Escaped Pandemonium
128415 | Depths:2 | Lost mutation: Your spells are a little harder to cast, but
                  | a little more powerful. [potion of mutation]
128415 | Depths:2 | Lost mutation: Armour fits poorly on your strangely shaped
                  | body. [potion of mutation]
128415 | Depths:2 | Gained mutation: You are highly strong-willed. (Will++)
                  | [potion of mutation]
128416 | Depths:2 | Lost mutation: You have hidden genetic potential. [potion
                  | of mutation]
128416 | Depths:2 | Lost mutation: You have an increased reservoir of magic.
                  | (+10% MP) [potion of mutation]
128416 | Depths:2 | Lost mutation: You possess an exceptional clarity of mind.
                  | [potion of mutation]
128416 | Depths:2 | Gained mutation: You passively map a small area around you.
                  | [potion of mutation]
128417 | Depths:2 | Lost mutation: You are occasionally teleported next to
                  | monsters. [potion of mutation]
128417 | Depths:2 | Lost mutation: You are highly strong-willed. (Will++)
                  | [potion of mutation]
128417 | Depths:2 | Lost mutation: You passively map a small area around you.
                  | [potion of mutation]
128417 | Depths:2 | Gained mutation: You occasionally lose the ability to read
                  | scrolls when taking damage. [potion of mutation]
128417 | Depths:2 | Gained mutation: You are highly strong-willed. (Will++)
                  | [potion of mutation]
128418 | Depths:2 | Lost mutation: You are highly strong-willed. (Will++)
                  | [potion of mutation]
128418 | Depths:2 | Lost mutation: You have sharp toenails. [potion of
                  | mutation]
128418 | Depths:2 | Lost mutation: You are strong-willed. (Will+) [potion of
                  | mutation]
128418 | Depths:2 | Gained mutation: You sometimes lose your temper in combat.
                  | [potion of mutation]
128419 | Depths:2 | Lost mutation: You occasionally lose the ability to read
                  | scrolls when taking damage. [potion of mutation]
128419 | Depths:2 | Lost mutation: You sometimes lose your temper in combat.
                  | [potion of mutation]
128419 | Depths:2 | Gained mutation: You have a pair of small horns on your
                  | head. [potion of mutation]
128704 | Vaults:3 | Reached skill level 5 in Transmutations
128706 | Vaults:3 | Killed an ancient lich
128706 | Vaults:3 | Killed a dread lich
128708 | Vaults:3 | Killed TuffENuff's ghost
128742 | Vaults:2 | Killed TPoD's ghost
128886 | Vaults:3 | Killed Liosm's ghost
129810 | Zot:2    | Noticed an orb of fire
129930 | Zot:2    | Killed an orb of fire
132173 | Zot:3    | Found a huge runed gate.
132173 | Zot:3    | Found a huge runed gate.
132173 | Zot:3    | Found a huge runed gate.
132173 | Zot:3    | Found a huge runed gate.
132173 | Zot:3    | Found a huge runed gate.
132173 | Zot:3    | Found a huge runed gate.
132173 | Zot:3    | Found a huge runed gate.
132173 | Zot:3    | Found a huge runed gate.
132173 | Zot:3    | Found a huge runed gate.
132176 | Zot:3    | Found a huge runed gate.
132190 | Zot:3    | Found a huge runed gate.
132190 | Zot:3    | Found a huge runed gate.
132190 | Zot:3    | Found a huge runed gate.
132196 | Zot:3    | Found a huge runed gate.
132325 | Zot:3    | Found a huge runed gate.
132325 | Zot:3    | Found a huge runed gate.
132325 | Zot:3    | Found a huge runed gate.
132325 | Zot:3    | Found a huge runed gate.
132326 | Zot:3    | Found a huge runed gate.
132327 | Zot:3    | Found a huge runed gate.
132327 | Zot:3    | Found a huge runed gate.
132328 | Zot:3    | Found a huge runed gate.
132329 | Zot:3    | Found a huge runed gate.
132338 | Zot:3    | Found a huge runed gate.
132338 | Zot:3    | Found a huge runed gate.
132338 | Zot:3    | Found a huge runed gate.
132338 | Zot:3    | Found a huge runed gate.
132338 | Zot:3    | Found a huge runed gate.
132359 | Zot:3    | You are sucked into a shaft and drop 1 floor!
132529 | Zot:3    | Found a huge runed gate.
132529 | Zot:3    | Found a huge runed gate.
132529 | Zot:3    | Found a huge runed gate.
132529 | Zot:3    | Found a huge runed gate.
132531 | Zot:3    | Found a huge runed gate.
132531 | Zot:3    | Found a huge runed gate.
132531 | Zot:3    | Found a huge runed gate.
132531 | Zot:3    | Found a huge runed gate.
132537 | Zot:3    | Noticed a dread lich
132537 | Zot:3    | Noticed an ancient lich
132537 | Zot:3    | Noticed an orb of fire
132538 | Zot:3    | Noticed an orb of fire
132808 | Zot:3    | Killed an orb of fire
133502 | Zot:3    | Killed a dread lich
133606 | Zot:3    | Killed an ancient lich
133876 | Zot:3    | Identified the ring of Cibimu {rPois rF+}
133938 | Zot:3    | Killed an orb of fire
134859 | Zot:4    | Noticed an orb of fire
134866 | Zot:4    | Killed an orb of fire
134877 | Zot:4    | Noticed an orb of fire
134882 | Zot:4    | Killed an orb of fire
135324 | Zot:4    | Identified the amulet "Ihol" {Acrobat rElec Will- Int+4}
135807 | Zot:4    | Identified the +0 robe "Ciollyu" {rN+ Will+}
135809 | Zot:4    | Identified the staff of poison "Raxeoxuj" {rPois rN+}
136186 | Zot:5    | Entered Level 5 of the Realm of Zot
136895 | Zot:5    | Found a runed translucent door.
136896 | Zot:5    | Noticed Rino's ghost (legendary DsGl)
136910 | Zot:5    | Killed Rino's ghost
136960 | Zot:5    | Got the Discursus on Ignition
140404 | Zot:5    | Noticed a dread lich
140408 | Zot:5    | Killed a dread lich
140570 | Zot:5    | Noticed an orb of fire
140581 | Zot:5    | Noticed an orb of fire
140587 | Zot:5    | Killed an orb of fire
140588 | Zot:5    | Reached skill level 15 in Summonings
140588 | Zot:5    | Gained mutation: Your spells are a little easier to cast,
                  | but a little less powerful. [an orb of fire]
140589 | Zot:5    | Killed an orb of fire
140771 | Zot:5    | Noticed an orb of fire
140776 | Zot:5    | Killed an orb of fire
140945 | Zot:5    | Noticed an orb of fire
140952 | Zot:5    | Killed an orb of fire
141173 | Zot:5    | Noticed an orb of fire
141175 | Zot:5    | Gained mutation: Your body sometimes deteriorates upon
                  | taking damage. [an orb of fire]
141176 | Zot:5    | Gained mutation: Your body often deteriorates upon taking
                  | damage. [an orb of fire]
141178 | Zot:5    | Killed an orb of fire
141886 | Zot:5    | Acquired the scarf of Anaesthesia {harm, Str+3}
142013 | Zot:5    | Noticed an orb of fire
142023 | Zot:5    | Killed an orb of fire
142378 | Zot:5    | Noticed an orb of fire
142401 | Zot:5    | Killed an orb of fire
142888 | Zot:5    | Noticed an orb of fire
142900 | Zot:5    | Noticed an orb of fire
142904 | Zot:5    | Killed an orb of fire
143596 | Zot:5    | Noticed an ancient lich
143602 | Zot:5    | Killed an ancient lich
144426 | Zot:5    | Gained mutation: Your spells are easier to cast, but less
                  | powerful. [an orb of fire]
144428 | Zot:5    | Killed an orb of fire
144435 | Zot:5    | Noticed an ancient lich
144439 | Zot:5    | Killed an ancient lich
146295 | Depths:1 | Lost mutation: You have a pair of small horns on your head.
                  | [potion of mutation]
146295 | Depths:1 | Lost mutation: Your body often deteriorates upon taking
                  | damage. [potion of mutation]
146295 | Depths:1 | Lost mutation: Your spells are easier to cast, but less
                  | powerful. [potion of mutation]
146295 | Depths:1 | Gained mutation: You are agile. (Dex +4, Str/Int -1)
                  | [potion of mutation]
146296 | Depths:1 | Lost mutation: Your spells are a little easier to cast, but
                  | a little less powerful. [potion of mutation]
146296 | Depths:1 | Lost mutation: Your body sometimes deteriorates upon taking
                  | damage. [potion of mutation]
146296 | Depths:1 | Lost mutation: You are agile. (Dex +4, Str/Int -1) [potion
                  | of mutation]
146296 | Depths:1 | Gained mutation: A frigid envelope surrounds you and
                  | freezes all who hurt you. [potion of mutation]
146593 | Zot:5    | Got the Orb of Zot
146602 | Zot:4    | Noticed Boris
146613 | Zot:3    | Killed Boris
146899 | D:13     | Reached skill level 23 in Spellcasting
147180 | D:$      | Escaped with the Orb!

Illustrated notes

Levels and vault maps discovered:
D:1:      kb_arrival_jail, layout_rooms, serial_shops,
          nicolae_shop_advertising_works [nicolae_subvault_shop_adworks],
          amcnicky_mini_corridor_feature, minmay_fountain_box, minmay_unequal
D:2:      minmay_spotlight, layout_basic, nicolae_shop_vocational, uniq_sigmund
D:3:      layout_basic, mainiacjoe_overflow_brackets,
          gammafunk_temple_overflow_elements, portal_sewer_entry_a
D:4:      dreamdust_elfheim, layout_basic, uniq_menkaure
D:5:      layout_layer_cave, kennysheep_mini,
          mainiacjoe_overflow_surrounded_room, serial_shops,
          nicolae_shop_rolled_up, grunt_ministairs_6
D:6:      minmay_skewed_foursquare, layout_gridville, serial_park_tiny_1,
          hangedman_decor_slide_cut, uniq_edmund
D:7:      layout_rooms, temple_fountains
D:8:      nicolae_hitomezashi [nicolae_hito_row, nicolae_hito_row,
          nicolae_hito_row, nicolae_hito_row, nicolae_hito_row,
          nicolae_hito_row, nicolae_hito_row, nicolae_hito_row,
          nicolae_hito_row, nicolae_hito_row, nicolae_hito_row,
          nicolae_hito_row, nicolae_hito_row, nicolae_hito_row,
          nicolae_hito_row, nicolae_hito_row, nicolae_hito_row,
          nicolae_hito_row], layout_loops_ring, makhleb_blood_cavern_becter,
          xom_butterflies
D:9:      layout_basic, orc_0_dummy, hellmonk_ghost_happy_afterlife
D:10:     layout_cave_pools, mainiacjoe_overflow_alcove_1, gammafunk_ghost_grave
D:11:     layout_roguey, dpeg_oklobed_lair
D:12:     dreamdust_dug_too_deep, layout_cave_pods, uniq_nergalle
D:13:     layout_rooms, uniq_maurice
D:14:     layout_basic, ximxim_vaults_locker_room, serial_park_square1
          [serial_park_minivault_5x5_8], uniq_agnes
D:15:     hangedman_depths_entry_try_elsewhere_first, layout_grid_maze
Temple:   nicolae_temple_great_sept
Lair:1:   layout_concentric_octagons, columned_hall_lemuel, serial_bayou_ford_a,
          chequers_serial_rivers_small_b, grunt_megastairs_2
Lair:2:   layout_regular_city, swamp_mist, grunt_megastairs_1,
          serial_bayou_shore_a
Lair:3:   layout_chaotic_city, nicolae_snake_entry_squirm, minmay_hedge_maze,
          uniq_kirke, uniq_gastronok, uniq_amaemon
Lair:4:   layout_loops_ring, lemuel_fruit_tree
Lair:5:   minmay_lair_end_enchanted_forest, layout_small_grid,
          nicolae_slime_entry_field_trip
Swamp:1:  layout_basic_swamp, evilmike_swamp_ruin_house_2
Swamp:2:  layout_falls_marsh, portal_ice_cave_entry_ice_simulacra,
          evilmike_swamp_ruin_rubble_2, infiniplex_staircase_pool
Swamp:3:  layout_basic_swamp, evilmike_swamp_ruin_house_5, swamp_pool5,
          uniq_mara
Swamp:4:  nzn_swamp_witches_coven, layout_basic_swamp, uniq_mlioglotl,
          uniq_donald
Snake:1:  layout_onion_interference, gammafunk_ghost_split, grunt_megastairs_4
Snake:2:  layout_layer_cave, nicolae_snake_gridmaze_big_u,
          nicolae_fountain_basement, uniq_vashnia, uniq_aizul
Snake:3:  gammafunk_sealed_arena, layout_basic, grunt_megastairs_5
Snake:4:  grunt_snake_rune_serpentine_throne, layout_cave_town,
          minmay_shop_star, uniq_asterion
Slime:1:  layout_caves, nicolae_slime_ancient_tower_intersection
Slime:2:  layout_caves, nicolae_slime_barrier
Slime:3:  layout_caves, cheibrodos_slime_lost_civilization_7
Slime:4:  layout_caves
Slime:5
Orc:1:    layout_caves
Orc:2:    pf_orc_diabolical, layout_caves, serial_shops, shop, basic_altar,
          uniq_jorgrun
Elf:1:    eino_elf_arrival_shootout, layout_gridlike, hangedman_elf_represent,
          minmay_shop_grove
Elf:2:    elven_hall_of_blades_hangedman_original
          [nicolae_blade_entry_floor_patterns], layout_geoelf_octagon,
          grunt_ministairs_9
Elf:3:    elf_hall, layout_loops_corners, infiniplex_enter_wizlab_spiral,
          enter_trove_1
Vaults:1: nicolae_vaults_storage_room_water, ontoclasm_vaults_pinch,
          vaults_dpeg_doors, vaults_mumra_minichess,
          nicolae_vaults_more_shelving_2, ontoclasm_vaults_ring_small,
          nicolae_vaults_network_star, vaults_room_hallway,
          nicolae_vaults_ring_of_whatevers, nicolae_vaults_apartment_1,
          nicolae_vaults_surprise_closet, nicolae_vaults_surprise_closet_hard,
          layout_vaults_chaotic_city, serial_shops,
          nicolae_shop_tiny_real_fake_doors, uniq_zenata
Vaults:2: ebering_ghost_inner_flame, nicolae_vaults_variable_pillar_hall,
          minmay_crypt_entry_necro_gods, nicolae_vaults_network_periphery,
          hangedman_vaults_maws, nicolae_vaults_swerve, grunt_tower_of_power,
          grunt_vaults_diagonal, nicolae_vaults_surprise_closet, v_misc_31,
          nicolae_vaults_little_squares_3, nicolae_vaults_double_plus_1,
          layout_vaults_ring, uniq_bai_suzhen
Vaults:3: nzn_ghost_randoct, grunt_vaults_swirl, vaults_mumra_hex, v_misc_33,
          vaults_room_grid, ontoclasm_vaults_gateway,
          nicolae_vaults_storage_closets_2, serial_ice_h,
          hangedman_vaults_slice, nicolae_vaults_heart-shaped_vault,
          layout_vaults_quadrants, serial_shops, shop
Vaults:4: nicolae_vaults_trapezoid_2, vaults_room_pools,
          nicolae_vaults_trapezoid_2, nicolae_vaults_puzzle_piece,
          ontoclasm_vaults_ligature, nicolae_vaults_little_squares_5, v_misc_8,
          hangedman_vaults_stretched_pinwheel, nicolae_vaults_trapezoid_1,
          vaults_room_corners, layout_vaults_big_cross, serial_shops, shop
Vaults:5
Crypt:1:  layout_basic, uniq_boris, uniq_xtahua
Crypt:2:  layout_misc_corridors, serial_co_window_serial, co_window_cross_1,
          co_window_paths_b, co_window_of_opportunity_a, co_window_paths_a,
          co_window_corner_a, co_window_of_opportunity_a, co_window_corner_b,
          co_window_paths_c, co_window_broadway_a, co_window_of_opportunity_c,
          co_window_2corner, co_window_2corner, co_window_4corner_a,
          glass_columns_a, glass_columns_a, glass_columns_a
Crypt:3:  david_glass_crypt, layout_misc_corridors, tomb_entry_moat_badplayer,
          special_room [special_room_morgue]
Depths:1: wad_courtyard, layout_gridlike, hell_entry, nrook_pool_corridor,
          abyss_entry, ebering_ghost_reflecting_pool, kennysheep_generic_room_8
Depths:2: nicolae_legendary_halls, layout_basic, hell_entry,
          rand_demon_pan_entry_9, chequers_serial_rivers_room_b,
          abyss_entry_small_statue_room, infiniplex_staircase_river,
          serial_bayou_shore_b
Depths:3: nzn_winding_woodlands_stair_cross [nzn_winding_woodlands_5x15_eye,
          nzn_winding_woodlands_center_diamonds,
          nzn_winding_woodlands_5x15_sidewinder,
          nzn_winding_woodlands_5x5_open_star,
          nzn_winding_woodlands_5x5_default, nzn_winding_woodlands_5x15_pool,
          nzn_winding_woodlands_center_garden,
          nzn_winding_woodlands_5x15_jagged], layout_long_grid, nicolae_wwwww,
          abyss_entry_crystal, pf_coc_iceberg, uniq_parghit
Depths:4: evilmike_zot_entry_gauntlet, layout_cave_pools, enter_ziggurat_b,
          hangedman_geh_valley, serial_sigils_hangedman_stare, abyss_entry,
          dancing_weapons_uskayaw, uniq_frederick
Hell
Zot:1:    layout_twisted_circle, uniq_josephina
Zot:2:    layout_basic
Zot:3:    layout_onion, grunt_ministairs_6, door_vault
Zot:4:    layout_onion_interference, st_stairs_1, st_large_dragon_hoard_3
Zot:5:    layout_basic, gammafunk_ghost_grave

Skill      XL: |  1  2  3  4  5  6  7  8  9 10 11 12 13 14 15 16 17 18 19 20 21 22 23 24 25 26 27 |
---------------+----------------------------------------------------------------------------------+-----
Earth Magic    | 4 7 9 13 15 16 19 20 21 22 | 22.7
Conjurations   | 2 3 4 5 6 7 10 13 16 21 | 21.9
Spellcasting   | 3 5 8 10 11 12 14 15 16 18 20 21 22 23 | 23.0
Fighting       | 3 5 7 9 10 12 13 14 16 17 18 22 | 22.0
Dodging        | 2 3 4 5 6 7 8 10 11 12 14 | 14.3
Armour         | 1 5 6 9 12 14 | 14.7
Shields        | 4 7 9 11 12 | 12.8
Ice Magic      | 3 5 7 9 10 12 13 20 | 20.3
Staves         | 3 4 7 9 11 12 13 | 13.8
Stealth        | 5 8 11 14 | 14.5
Transmutations | 4 5 |  5.4
Summonings     | 4 15 | 15.5
Axes           | |  0.5
Ranged Weapons | |  0.4
Throwing       | |  0.8
Hexes          | |  0.2
Necromancy     | |  0.1
Fire Magic     | |  0.2
Air Magic      | |  0.1
Poison Magic   | |  0.1
Invocations    | |  0.7

Action                     |  1- 3 |  4- 6 |  7- 9 | 10-12 | 13-15 | 16-18 | 19-21 | 22-24 | 25-27 || total
---------------------------+-------+-------+-------+-------+-------+-------+-------+-------+-------++-------
  Melee: Unarmed           |     5 |       |       |       |       |       |       |       |       ||     5
         Short sword       |       |       |     2 |       |       |       |       |       |       ||     2
         Triple sword      |       |       |       |     3 |    99 |       |       |       |       ||   102
         Staff             |       |       |       |       |       |    45 |    26 |    48 |   365 ||   484
         Headbutt          |       |       |       |       |       |       |       |       |    18 ||    18
   Cast: Sandblast         |    43 |    79 |   177 |   360 |    27 |       |       |       |       ||   686
         Stone Arrow       |       |       |       |    34 |   894 |   353 |       |       |       ||  1281
         Lee's Rapid Decon |       |       |       |       |    11 |       |       |       |       ||    11
         Irradiate         |       |       |       |       |     6 |     5 |     3 |     1 |    13 ||    28
         Lehudib's Crystal |       |       |       |       |       |   232 |   170 |   100 |   110 ||   612
         Iron Shot         |       |       |       |       |       |    15 |   331 |   351 |  1528 ||  2225
         Ozocubu's Refrige |       |       |       |       |       |       |     5 |     1 |       ||     6
         Shatter           |       |       |       |       |       |       |       |    56 |   142 ||   198
         Spellforged Servi |       |       |       |       |       |       |       |       |     2 ||     2
         Blink             |       |       |       |       |       |       |       |       |     1 ||     1
  Evoke: Wand              |       |       |       |       |       |     1 |       |     3 |    10 ||    14
    Use: Scroll            |     4 |     3 |    17 |     3 |    11 |    14 |     8 |     5 |    45 ||   110
         Potion            |       |       |       |     1 |     4 |     6 |       |       |    28 ||    39
   Stab: Distracted        |       |       |       |       |       |       |       |       |     1 ||     1
 Armour: Robe              |    10 |     1 |       |       |       |       |       |       |       ||    11
         Leather armour    |       |     8 |    16 |       |       |       |       |       |       ||    24
         Ring mail         |       |       |    32 |   237 |   322 |    55 |       |       |       ||   646
         Plate armour      |       |       |       |       |   124 |   206 |       |       |       ||   330
         Pearl dragon scal |       |       |       |       |       |    62 |   142 |   201 |   796 ||  1201
  Dodge: Dodged            |    17 |    27 |    32 |   233 |   333 |   108 |    93 |    87 |   461 ||  1391
  Block: Buckler           |       |       |       |       |       |   137 |    56 |    46 |       ||   239
         Reflection        |       |       |       |       |       |     4 |       |     4 |    15 ||    23
         Kite shield       |       |       |       |       |       |       |       |    50 |   498 ||   548
